Map: 藍移 - 天梯版

Players

Nice - Winner!

  • Race: Protoss Protoss
  • Spawn Location: 7:00

NeXa

  • Race: Protoss Protoss
  • Spawn Location: 1:00

Event: WCS Montreal 2018

VOD

Have the link to the VOD?

Description

Time

  • Played on: Sept. 7, 2018, 12:07 p.m.
  • Length: 5:43

All games in this series

Show
View Real Time Build Order
Export as new Build Order

Nice Protoss - Winner!

Build Orders:  

Get SALT Encoding   

  12  0:00  Probe  
  13  0:12  Probe  
  14  0:20  Pylon  
  14  0:24  Probe  
  15  0:34  Probe  
  15  0:40  Gateway  
  15  0:42  Probe  
  16  0:47  Assimilator  
  17  0:53  Assimilator, Probe  
  18  1:02  Probe  
  18  1:08  Gateway  
  18  1:10  Probe  
  20  1:21  Probe  
  21  1:29  Cybernetics Core  
  21  1:33  Probe  
  21  1:38  Pylon  
  22  1:45  Probe  
  23  1:57  Warp Gate, Probe  
  24  2:05  Adept  
  24  2:06  Adept  
  24  2:08  Pylon  
  27  2:32  Stalker  
  27  2:33  Stalker  
  31  2:45  Robotics Facility  
  31  2:46  Gateway  
  31  2:54  Shield Battery  
  31  3:02  Stalker  
  33  3:08  Stalker  
  35  3:16  Pylon  
  35  3:21  Warp Prism  
  35  3:31  Shield Battery  
  37  3:58  Observer  
  38  4:16  Stalker x3  
  40  4:27  Pylon  
  40  4:29  Observer  
  41  4:42  Adept x3  
  47  4:54  Immortal  
  50  5:01  Stalker  
  52  5:26  Pylon  
  52  5:28  Pylon  
Show
View Real Time Build Order
Export as new Build Order

NeXa Protoss 

Build Orders:  

Get SALT Encoding   

  12  0:00  Probe  
  13  0:12  Probe  
  14  0:18  Pylon  
  14  0:25  Probe  
  15  0:34  Probe  
  15  0:38  Gateway  
  15  0:42  Probe  
  16  0:47  Assimilator  
  17  0:51  Probe  
  17  0:56  Assimilator  
  18  1:03  Probe  
  19  1:10  Gateway  
  19  1:15  Probe  
  20  1:25  Cybernetics Core  
  20  1:27  Probe  
  21  1:39  Pylon, Probe  
  22  1:51  Probe  
  22  1:53  Adept  
  22  1:54  Adept  
  25  2:03  Warp Gate  
  27  2:11  Pylon  
  27  2:15  Pylon  
  27  2:22  Stalker  
  27  2:28  Stalker  
  31  2:43  Robotics Facility  
  30  3:01  Gateway  
  30  3:16  Probe  
  30  3:17  Pylon  
  30  3:19  Pylon  
  31  3:22  Immortal  
  33  3:59  Warp Prism  
  31  4:06  Sentry x2  
  31  4:07  Stalker, Shield Battery  
  33  4:27  Immortal  
  33  4:29  Sentry x2  
  33  4:52  Stalker  
  33  4:53  Stalker  
  33  4:55  Stalker  
Tags
 
Add a new tag
Caveats
  • Supply blocks, unpowered buildings, or Contaminate may cause inaccurate times.
  • Supply counts are checked every 10 seconds.